 Dungeon Crawl Stone Soup version 0.31-a0-940-gdaa99269f9 (webtiles) character file.

Game seed: 17876219622603569064

40 MachoJfn the Trooper (level 3, -9/29 HPs)
             Began as a Demonspawn Berserker on Oct 20, 2023.
             Was a Believer of Trog.
             Mangled by Crazy Yiuf
             ... wielding a +4 quarterstaff of chaos
              (14 damage)
             ... on level 2 of the Dungeon.
             The game lasted 00:03:15 (1212 turns).

MachoJfn the Trooper (Demonspawn Berserker)         Turns: 1212, Time: 00:03:16

Health: -9/29      AC:  9    Str: 19    XL:     3   Next: 30%
Magic:  3/3        EV:  8    Int:  8    God:    Trog [**....]
Gold:   68         SH:  0    Dex: 12    Spells: 2/2 levels left

rFire   . . .        a - +0 hand axe
rCold   . . .        (no shield)
rNeg    . . .        e - +0 chain mail
rPois   .            (no helmet)
rElec   .            (no cloak)
rCorr   .            d - +0 pair of gloves
SInv    .            (no boots)
Will    .....        (no amulet) Stlth
                     (no ring)
HPRegen 0.24/turn    (no ring)
MPRegen 0.08/turn

%: no passive effects
@: no status effects
A: powered by pain 1
a: Renounce Religion, Berserk, Trog's Hand


You were on level 2 of the Dungeon.
You worshipped Trog.
Trog was pleased with you.
You visited 1 branch of the dungeon, and saw 2 of its levels.

You collected 68 gold pieces.

Inventory:

Hand Weapons
 a - a +0 hand axe (weapon)
Missiles
 b - 23 stones
 c - 3 poisoned darts
 g - 6 curare-tipped darts
Armour
 d - a +0 pair of gloves (worn)
 e - a +0 chain mail (worn)
Magical Staves
 f - a staff of fire
Scrolls
 j - a scroll of teleportation
 k - a scroll of enchant weapon {unknown}
Potions
 h - a potion of curing {unknown}
 i - a potion of brilliance {unknown}


   Skills:
 + Level 3.4 Fighting
 + Level 3.3 Axes
 + Level 2.1 Armour
 + Level 2.0 Dodging


You had 2 spell levels left.
You didn't know any spells.
Your spell library was empty.

Dungeon Overview and Level Annotations

Branches:
Dungeon (2/15)

Altars:

Annotations:
D:2 Crazy Yiuf


Innate Abilities, Weirdness & Mutations

You sometimes gain a little power by taking damage.


Message History

You slash the goblin!
You kill the goblin!
Trog accepts your kill.
Things that are here:
a +0 dagger; a goblin corpse You open the door.
A kobold comes into view. It is wielding a +0 dagger.
The kobold shouts!
A frilled lizard comes into view.
Found a long sword.
The frilled lizard hisses angrily.
There is an open door here.
The kobold hits you but does no damage. The kobold closely misses you.
You miss the frilled lizard. You closely miss the kobold.
The frilled lizard barely misses you. The kobold hits you with a +0 dagger.
You hit the kobold.
You kill the kobold!
Trog accepts your kill.
You hit the frilled lizard.
You kill the frilled lizard!
Trog accepts your kill.
You see here a +0 dagger.
Okay, then.
HP restored.
Found a hammer.
Found a runed translucent door.
Crazy Yiuf shouts!
You open the door. You hit Crazy Yiuf but do no damage.
Crazy Yiuf hits you with a +4 quarterstaff of chaos!
Crazy Yiuf burns you. Crazy Yiuf hits you but does no damage.
You barely miss Crazy Yiuf.
Crazy Yiuf cries, "Race arm horse!"
Crazy Yiuf hits you with a +4 quarterstaff of chaos!
* * * LOW HITPOINT WARNING * * *
You hit Crazy Yiuf.
Crazy Yiuf is moderately wounded.
Crazy Yiuf says, "Tonal agre tortoise!"
Crazy Yiuf hits you with a +4 quarterstaff of chaos!
You die...

#####.#
#....# #.#
#####†#
##..## #.#
....#.#
♣....♣ ..#
##....######
♣♣...♣ ###
...........#
♣♣.♣♣
##)..#######
♣♣.♣ ##.##
♣.♣♣ ###
♣♣.♣ ♣@♣♣
#g# ...
#...# #)..#
#####


You could see Crazy Yiuf.

Vanquished Creatures
  2 dart slugs (D:1)
  3 ball pythons (D:1)
  4 endoplasms (D:1)
  5 goblins
  4 hobgoblins (D:1)
  2 jackals (D:1)
  3 bats (D:1)
  5 frilled lizards
  5 kobolds
  A rat (D:1)
34 creatures vanquished.

Notes
Turn   | Place    | Note
-------+----------+-------------------------------------------
     0 | D:1      | MachoJfn the Demonspawn Berserker began the quest for the
                  | Orb.
     0 | D:1      | Reached XP level 1. HP: 18/18 MP: 1/1
    71 | D:1      | Gained mutation: You sometimes gain a little power by
                  | taking damage. [demonic ancestry]
    71 | D:1      | Reached XP level 2. HP: 14/24 MP: 2/2
   375 | D:1      | Reached ** piety under Trog
   596 | D:1      | Reached XP level 3. HP: 29/29 MP: 3/3
  1205 | D:2      | Found a runed translucent door.
  1206 | D:2      | Noticed Crazy Yiuf
  1212 | D:2      | Mangled by Crazy Yiuf

Illustrated notes

Levels and vault maps discovered:
D:1:      dpeg_arrival_lava_temple_mockup, layout_loops_ring
D:2:      layout_loops_corners, nicolae_titane, uniq_crazy_yiuf_cottage

Skill      XL: |  1  2 |
---------------+-------+-----
Axes           | 3 |  3.3
Armour         | 2 |  2.1
Dodging        | 2 |  2.0
Fighting       | |  3.4

Action                     || total
---------------------------++-------
  Melee: Hand axe          ||    84
         Punch             ||     1
    Use: Scroll            ||     3
 Armour: Ring mail         ||    17
         Chain mail        ||    62
  Dodge: Dodged            ||    61

Table legend: (Time is in decaauts)
 A = Elapsed time spent in this place.
 B = Non-inter-level travel time spent in this place.
 C = Inter-level travel time spent in this place.
 D = Time resting spent in this place.
 E = Time spent auto-exploring this place.
 F = Levels seen in this place.
 G = Mean time per level.
                   A        B        C        D        E       F      G
               +--------+--------+--------+--------+--------+-----+--------+
         Total |   1224 |   1108 |    116 |    236 |    506 |   2 |  612.0 |
       Dungeon |   1224 |   1108 |    116 |    236 |    506 |   2 |  612.0 |
               +--------+--------+--------+--------+--------+-----+--------+

Top non-repeatable levels by time:
     D:1: 1071 daAuts
     D:2: 153 daAuts
